 Dungeon Crawl Stone Soup version 0.16.1-11-g651b585 (webtiles) character file.

606 sugabear the Covert (level 7, -10/47 HPs)
             Began as an Octopode Enchanter on Apr 3, 2015.
             Mangled by an orc warrior
             ... wielding a +1 flail of protection
              (25 damage)
             ... on level 6 of the Dungeon.
             The game lasted 00:15:24 (4680 turns).

sugabear the Covert (Octopode Enchanter)            Turns: 4680, Time: 00:15:24

Health: -10/47     AC:  1    Str:  7    XL:     7   Next: 42%
Magic:  17/17      EV: 14    Int: 17    God:
Gold:   270        SH:  0    Dex: 15    Spells: 4 memorised, 4 levels left

rFire  . . .     SeeInvis .     a - +2 dagger
rCold  . . .     Clarity  .     (no shield)
rNeg   . . .     SustAb   .     (helmet restricted)
rPois  +         Gourm    .     (no amulet)
rElec  .         Spirit   .     v - ring of poison resistance
rCorr  .         Warding  .     (no ring)
rMut   .         Stasis   .     (no ring)
MR     .....                    (no ring)
Stlth  ++++++....               (no ring)
                                (no ring)
                                (no ring)
                                (no ring)

@: very slightly contaminated, not resistant to hostile enchantments, very
stealthy
A: almost no armour, amphibious, 8 rings, constrict 8, camouflage 1, gelatinous
body 1
a: no special abilities


You were on level 6 of the Dungeon.
You were hungry.

You visited 2 branches of the dungeon, and saw 7 of its levels.

You collected 270 gold pieces.

Inventory:

Hand weapons
 a - a +2 dagger (weapon)
 B - the +5 great sword of the Special Eyes {slice, MP+9}
   (You found it on level 4 of the Dungeon)

   It inflicts extra damage upon your enemies.
   It affects your magic capacity (+9).
Jewellery
 v - a ring of poison resistance (left tentacle)
Magical devices
 o - a wand of invisibility (0)
Scrolls
 e - 4 scrolls of identify
 g - 2 scrolls of enchant weapon
 q - a scroll of teleportation {unknown}
 r - 2 scrolls of enchant armour {unknown}
 s - 2 scrolls of immolation {unknown}
 u - a scroll of magic mapping
 y - a scroll of fog {unknown}
Potions
 b - a potion of ambrosia {unknown}
 f - 4 potions of curing
 h - 2 potions of haste {unknown}
 j - a potion of brilliance {unknown}
 k - 2 potions of mutation {unknown}
 m - a potion of might {unknown}
 n - 3 potions of poison {unknown}
 t - a potion of berserk rage {unknown}
 w - a potion of heal wounds {unknown}
 x - 3 potions of flight {unknown}
Books
 c - a book of Maledictions

   Spells                             Type                      Level
   a - Corona                         Hexes                        1
   b - Sure Blade                     Hexes/Charms                 2
   c - Ensorcelled Hibernation        Hexes/Ice                    2
   d - Confuse                        Hexes                        3
   e - Dazzling Spray                 Conjuration/Hexes            3
   f - Enslavement                    Hexes                        4
Comestibles
 d - 5 bread rations
 i - 5 meat rations
 p - 6 fruits
 z - 2 slices of pizza


   Skills:
 + Level 3.8 Fighting
 + Level 3.9 Short Blades
 + Level 4.4 Dodging
 * Level 10.7 Stealth
 + Level 4.1 Spellcasting
 + Level 5.1 Hexes
   Level 3.5 Charms
 + Level 3.5 Ice Magic
 * Level 1.0 Evocations


You had 4 spell levels left.
You knew the following spells:

 Your Spells              Type           Power        Failure   Level  Hunger
a - Corona                Hex            ###....      1%          1    None
b - Ensorcelled Hibernat  Hex/Ice        ###...       4%          2    ##.....
c - Confuse               Hex            ###.....     8%          3    ###....
d - Enslavement           Hex            ###.....     21%         4    ####...


Dungeon Overview and Level Annotations

Branches:
Dungeon (6/15)             Temple (1/1) D:5

Altars:
Cheibriados
Dithmenos
Elyvilon
Fedhas
Gozag
Kikubaaqudgha
Makhleb
Nemelex Xobeh
Okawaru
Qazlal
Ru
Trog
Vehumet
Xom
Zin
The Shining One

Annotations:
D:4 exclusion: statue


Innate Abilities, Weirdness & Mutations

You cannot wear most types of armour.
You are amphibious.
You can wear up to eight rings at the same time.
You can use your tentacles to constrict many enemies at once.
Your skin changes colour to match your surroundings (Stealth).
Your rubbery body absorbs attacks (AC +1).


Message History

* * * LOW HITPOINT WARNING * * *
The orc warrior barely misses you.
You hit the orc warrior but do no damage.
Your squeeze misses the orc warrior.
The orc warrior is almost dead.
You hear the slow hiss of a distant avalanche of sand.
You constrict the orc warrior, but do no damage.
The adder skeleton bites you.
* * * LOW HITPOINT WARNING * * *
The goblin closely misses you. The kobold hits you.
* * * LOW HITPOINT WARNING * * *
You release your grip on the orc warrior.
The kobold barely misses you.
A rat comes into view.
Found a shadowy altar of Dithmenos.
Drink which item? (? for menu, Esc to quit)
You feel better.
The orc warrior hits you with a flail of protection!!
Ouch! That really hurt!
You die...

... #.... .... ..#...
#.... .#a.. ....._
... #r... #.. #....
#.### ... #...# .
#.####.####...# ...
#......@oZg...# .....
###.##..K.....#....?.
#...........#!...o..
####................
#?.......#........
#........#.######.
#........#.# #.
#........#.## #.#
###..##.....# %.


You could see an orc warrior, a goblin, a kobold, a rat (sleeping) and an adder
skeleton.

Vanquished Creatures
  A sky beast (D:5)
  Sigmund (D:3)
  A crimson imp (D:5)
  An orc priest (D:3)
  The ghost of sugabear the Sneak, a weakling VSEn (D:3)
  A hound (D:3)
  An orc wizard (D:3)
  A killer bee zombie (D:5)
  6 adders
  2 shadow imps
  2 gnolls (D:5)
  5 worms
  An adder zombie (D:5)
  An adder skeleton (D:5)
  A giant gecko (D:2)
  An ooze (D:1)
  8 orcs
  12 bats
  3 giant cockroaches
  13 goblins
  7 hobgoblins
  4 jackals (D:3)
  7 kobolds
  A quokka (D:3)
  3 ball pythons
  A giant gecko skeleton (D:5)
  2 giant newts (D:1)
  A quokka skeleton (D:5)
  9 rats
98 creatures vanquished.

Vanquished Creatures (others)
  A hobgoblin (D:1)
1 creature vanquished.

Grand Total: 99 creatures vanquished

Notes
Turn   | Place    | Note
--------------------------------------------------------------
     0 | D:1      | sugabear, the Octopode Enchanter, began the quest for the Orb.
     0 | D:1      | Reached XP level 1. HP: 11/11 MP: 3/3
   356 | D:1      | Reached XP level 2. HP: 17/17 MP: 4/4
   449 | D:1      | Learned a level 2 spell: Ensorcelled Hibernation
   932 | D:1      | Reached XP level 3. HP: 21/21 MP: 6/6
  1221 | D:2      | Found a blossoming altar of Fedhas.
  1225 | D:2      | Reached skill level 5 in Stealth
  1438 | D:2      | Reached XP level 4. HP: 6/27 MP: 3/7
  1482 | D:2      | Learned a level 3 spell: Confuse
  1992 | D:2      | Reached skill level 6 in Stealth
  2000 | D:2      | Reached skill level 9 in Stealth
  2000 | D:2      | Reached skill level 5 in Hexes
  2000 | D:2      | Reached XP level 5. HP: 13/36 MP: 7/13
  2270 | D:3      | Reached skill level 10 in Stealth
  2332 | D:3      | Noticed sugabear's ghost (weakling VSEn)
  2383 | D:3      | Killed sugabear's ghost
  2383 | D:3      | Reached XP level 6. HP: 41/43 MP: 15/15
  2399 | D:3      | Learned a level 4 spell: Enslavement
  2474 | D:3      | Noticed Sigmund
  2479 | D:3      | Killed Sigmund
  3183 | D:4      | Got a bone great sword
  3193 | D:4      | Identified the +5 great sword of the Special Eyes {slice, MP+9} (You found it on level 4 of the Dungeon)
  3300 | D:4      | Found a shimmering altar of Xom.
  3363 | D:4      | Found a radiant altar of Vehumet.
  3470 | D:5      | Entered Level 5 of the Dungeon
  3510 | D:5      | Found a sparkling altar of Nemelex Xobeh.
  3553 | D:5      | Reached XP level 7. HP: 47/47 MP: 17/17
  3560 | D:5      | Found a staircase to the Ecumenical Temple.
  3567 | Temple   | Entered the Ecumenical Temple
  4065 | D:5      | Found an iron altar of Okawaru.
  4575 | D:6      | Reached skill level 1 in Evocations
  4679 | D:6      | Found a shadowy altar of Dithmenos.
  4680 | D:6      | Mangled by an orc warrior

Action                   |  1- 3 |  4- 6 |  7- 9 || total
-------------------------+-------+-------+-------++-------
Melee: Dagger            |    61 |    67 |    77 ||   205
 Cast: Ensorcelled Hiber |     4 |     5 |     8 ||    17
       Confuse           |       |     1 |     4 ||     5
       Enslavement       |       |       |     2 ||     2
Evoke: Wand              |       |       |     2 ||     2
  Use: Scroll            |       |     5 |       ||     5
       Potion            |       |     2 |     1 ||     3
 Stab: Sleeping          |    15 |    18 |    11 ||    44
       Distracted        |       |     2 |       ||     2
       Confused          |       |     1 |     2 ||     3
       Invisible         |       |       |     2 ||     2
  Eat: Chunk             |     2 |     5 |     2 ||     9
       Beef jerky        |       |     1 |     1 ||     2
       Fruit             |       |       |     1 ||     1
